 Dungeon Crawl Stone Soup version 0.30.1-11-g7821555f0a (webtiles) character file.

Game seed: 559745054277841168

4186 monsoonserge the Zephyrmancer (level 10, 0/56 HPs)
             Began as a Tengu Air Elementalist on Nov 30, 2023.
             Was a Believer of Vehumet.
             Constricted to death by Maurice (2 damage)
             ... on level 8 of the Dungeon.
             The game lasted 00:38:46 (11362 turns).

monsoonserge the Zephyrmancer (TeAE)               Turns: 11362, Time: 00:38:46

Health: 0/56       AC:  4    Str:  8    XL:     10   Next: 29%
Magic:  12/17      EV: 11    Int: 19    God:    Vehumet [**....]
Gold:   558        SH:  5    Dex: 16    Spells: 5/17 levels left

rFire   + + .        z - +1 long sword (freeze)
rCold   + . .        D - +0 buckler
rNeg    . . .        j - +0 leather armour
rPois   +            (helmet restricted)
rElec   +            G - +0 cloak
rCorr   +            (no gloves)
SInv    .            (boots unavailable)
Will    .....        (no amulet)
Stlth   ++           A - ring of protection from fire
HPRegen 0.29/turn    (no ring)
MPRegen 0.15/turn

%: no passive effects
@: resistant, grasped by roots, flying quickly and evasively, constricted, quick
A: beak, talons 3, nimble flight
a: Renounce Religion


You were on level 8 of the Dungeon.
You worshipped Vehumet.
Vehumet was pleased with you.
You visited 2 branches of the dungeon, and saw 10 of its levels.
You also visited: Sewer.

You collected 558 gold pieces.

Inventory:

Hand Weapons
 z - a +1 long sword of freezing (weapon)
Missiles
 a - 9 poisoned darts (quivered)
Armour
 j - a +0 leather armour (worn)
 l - a +0 tower shield
 D - a +0 buckler (worn)
 G - a +0 cloak (worn)
Jewellery
 A - a ring of protection from fire (left hand)
Wands
 J - a wand of mindburst (11)
 N - a wand of flame (26)
 O - a wand of paralysis (2)
Scrolls
 c - 4 scrolls of identify {unknown}
 f - 4 scrolls of enchant armour {unknown}
 g - 3 scrolls of blinking {unknown}
 h - a scroll of acquirement {unknown}
 k - 2 scrolls of fog {unknown}
 p - 2 scrolls of silence {unknown}
 q - 3 scrolls of fear {unknown}
 r - 2 scrolls of poison {unknown}
 u - a scroll of amnesia {unknown}
 w - 3 scrolls of vulnerability {unknown}
 x - a scroll of immolation {unknown}
 y - 3 scrolls of teleportation {unknown}
 C - 2 scrolls of noise {unknown}
Potions
 b - 3 potions of magic
 d - a potion of degeneration {unknown}
 e - 3 potions of resistance
 i - a potion of flight {unknown}
 o - a potion of ambrosia {unknown}
 s - 4 potions of heal wounds {unknown}
 t - 2 potions of lignification {unknown}
 v - a potion of invisibility {unknown}
 B - 2 potions of attraction {unknown}
 E - a potion of haste {unknown}
 F - 2 potions of berserk rage {unknown}
 L - a potion of experience {unknown}


   Skills:
 + Level 3.1 Fighting
 - Level 1.1(2.0) Short Blades
 + Level 2.5(2.7) Long Blades
 + Level 1.0 Throwing
 + Level 4.6 Armour
 + Level 3.9 Dodging
 - Level 2.0 Stealth
 + Level 4.0 Shields
 + Level 4.2 Spellcasting
 + Level 4.1 Conjurations
 + Level 13.8 Air Magic
 - Level 2.0 Poison Magic
 + Level 2.0 Evocations


You had 5 spell levels left.
You knew the following spells:

 Your Spells              Type           Power      Damage    Failure   Level
a - Shock                 Conj/Air       100%       1d9       1%          1
b - Swiftness             Air            54%        N/A       1%          3
c - Airstrike             Air            27%        2d(4-20)  1%          4
d - Poisonous Vapours     Pois/Air       68%        N/A       1%          2
e - Blink                 Tloc           8%         N/A       41%         2

Your spell library contained the following spells:

 Spells                   Type           Power      Damage    Failure   Level
 Static Discharge         Conj/Air       76%        2-6/arc   1%          2
 Momentum Strike          Conj/Tloc      22%        3d8       19%         2
 Lesser Beckoning         Tloc           8%         N/A       41%         2
 Olgreb's Toxic Radiance  Pois           11%        N/A       77%         4
 Petrify                  Tmut/Erth      4%         N/A       96%         4
 Metabolic Englaciation   Hex/Ice        2%         N/A       100%        5
 Statue Form              Tmut/Erth      2%         N/A       100%        6
 Discord                  Hex            2%         N/A       100%        8
 Ignition                 Fire           2%         3d3       100%        8


Dungeon Overview and Level Annotations

Branches:
Dungeon (9/15)             Temple (1/1) D:4           Sewer (visited)
   Lair: D:8-11         Orc: D:9-12

Altars:
Ashenzari
Gozag
Hepliaklqana
Kikubaaqudgha
Makhleb
Nemelex Xobeh
Okawaru
Sif Muna
Trog
Vehumet
Wu Jian

Annotations:
D:4 1 runed translucent door, Crazy Yiuf
D:6 3 runed translucent doors, Lutefisk's ghost, amateur HORe
D:8 Amaemon; Maurice


Innate Abilities, Weirdness & Mutations

You have a beak for a mouth.
You have claws for feet.
Your magical nature lets you fly swiftly and evasively.


Message History

Magic courses through your body.
You hear a zap.
The roots erupt in riotous growth!
The grasping roots grab you!
You are constricted.
* * * LOW HITPOINT WARNING * * *
Casting: Airstrike (dangerous; 1% risk of failure)
Confirm with . or Enter, or press ? or * to list all spells.
Okay, then.
Casting: Airstrike (dangerous; 1% risk of failure)
Confirm with . or Enter, or press ? or * to list all spells.
You are still too unstable to blink.
Casting: Blink (dangerous; 41% risk of failure)
Confirm with . or Enter, or press ? or * to list all spells.
Okay, then.
Okay, then.
Casting: Blink (dangerous; 41% risk of failure)
Confirm with . or Enter, or press ? or * to list all spells.
Aiming: Shock (safe; 1% risk of failure)
Press: ? - help, Shift-Dir - straight line The zap hits something.
You are constricted.
* * * LOW HITPOINT WARNING * * *
You are constricted.
* * * LOW HITPOINT WARNING * * *
Casting: Shock (safe; 1% risk of failure)
Confirm with . or Enter, or press ? or * to list all spells.
Aiming: Airstrike (dangerous; 1% risk of failure)
Press: ? - help, Dir - move target The air twists around and strikes something.
You feel stable enough to blink again.
You are constricted.
* * * LOW HITPOINT WARNING * * *
You are constricted.
* * * LOW HITPOINT WARNING * * *
It was a potion of resistance.
You feel protected.
You are constricted.
* * * LOW HITPOINT WARNING * * *
You are constricted.
You die...

##..###
####.....#####
+.......<....#
##>#...#.#.#.#
#.##..#.#.# #
##.#.#{#
#...#.# # #+#
#.###.#.# #.#
#....@..# #.#
........###
#.## ###.#####
...## # ....##
.....#
#.##.... #.# #
#.#


There were no monsters in sight!

Vanquished Creatures
  An orange demon (D:8)
  4 yaks (D:9)
  Menkaure (D:6)
  An acid dragon (D:9)
  2 water moccasins
  An ice beast (D:6)
  2 orc warriors
  2 ogres
  4 centaurs
  4 phantoms
  5 bullfrogs
  A gnoll sergeant (D:6)
  2 scorpions
  3 killer bees (D:8)
  6 jellies
  4 quasits
  4 orc priests
  3 hounds
  A sleepcap (D:4)
  5 iguanas
  Natasha (thrice) (D:4)
  4 orc wizards
  4 gnolls
  10 adders
  A river rat (Sewer)
  2 shadow imps
  6 white imps
  2 ufetubi
  2 worms
  A dart slug (D:4)
  23 orcs
  5 ball pythons
  12 endoplasms
  5 giant cockroaches
  4 goblins
  4 hobgoblins
  4 jackals
  2 quokkas
  7 bats
  6 frilled lizards
  10 kobolds
  6 rats
179 creatures vanquished.

Notes
Turn   | Place    | Note
-------+----------+-------------------------------------------
     0 | D:1      | monsoonserge the Tengu Air Elementalist began the quest for
                  | the Orb.
     0 | D:1      | Reached XP level 1. HP: 10/10 MP: 4/4
   330 | D:1      | Reached XP level 2. HP: 15/15 MP: 4/6
   991 | D:1      | Reached XP level 3. HP: 19/19 MP: 3/7
  1326 | D:2      | Found a faded altar of an unknown god.
  1587 | D:2      | Reached skill level 1 in Armour
  1725 | D:2      | Reached XP level 4. HP: 16/24 MP: 3/8
  1838 | D:2      | Learned a level 3 spell: Swiftness
  2696 | D:3      | Reached skill level 5 in Air Magic
  3132 | D:4      | Noticed Natasha
  3148 | D:4      | Killed Natasha
  3153 | D:4      | Gained mutation: Your magical nature lets you fly swiftly
                  | and evasively. [Tengu growth]
  3153 | D:4      | Reached XP level 5. HP: 8/28 MP: 0/10
  3160 | D:4      | Found a glowing drain.
  3252 | D:4      | Learned a level 4 spell: Airstrike
  3350 | D:4      | Reached XP level 6. HP: 32/32 MP: 3/11
  3370 | Sewer    | Entered a sewer
  3734 | Sewer    | Reached skill level 6 in Air Magic
  3888 | Sewer    | Found a viscous altar of Jiyva.
  3999 | Sewer    | Reached skill level 1 in Short Blades
  4211 | D:4      | Reached XP level 7. HP: 37/37 MP: 10/12
  4216 | D:4      | Reached skill level 7 in Air Magic
  4378 | D:4      | Noticed Natasha
  4384 | D:4      | Killed Natasha
  4388 | D:4      | Found a staircase to the Ecumenical Temple.
  4398 | Temple   | Entered the Ecumenical Temple
  4471 | Temple   | Became a worshipper of Vehumet
  4515 | D:4      | Noticed Natasha
  4518 | D:4      | Killed Natasha
  5019 | D:4      | Found a runed translucent door.
  5020 | D:4      | Noticed Crazy Yiuf
  5072 | D:5      | Entered Level 5 of the Dungeon
  5307 | D:5      | Reached skill level 8 in Air Magic
  5805 | D:5      | Reached skill level 9 in Air Magic
  5805 | D:5      | Reached XP level 8. HP: 32/42 MP: 0/13
  6050 | D:5      | Reached skill level 1 in Fighting
  6707 | D:6      | Reached skill level 1 in Long Blades
  6711 | D:6      | Reached skill level 1 in Shields
  6868 | D:6      | Reached skill level 10 in Air Magic
  6875 | D:6      | Reached * piety under Vehumet
  6875 | D:6      | Offered knowledge of Sandblast by Vehumet.
  7217 | D:6      | Noticed Menkaure
  7224 | D:6      | Killed Menkaure
  7225 | D:6      | Reached skill level 11 in Air Magic
  7346 | D:5      | Reached XP level 9. HP: 28/49 MP: 3/14
  7573 | D:6      | Found a runed translucent gate.
  7573 | D:6      | Found a runed translucent gate.
  7573 | D:6      | Found a runed translucent gate.
  7574 | D:6      | Noticed a spectral unseen horror
  7578 | D:6      | Noticed Lutefisk's ghost (amateur HORe)
  8420 | D:7      | Reached skill level 12 in Air Magic
  9189 | D:7      | Reached skill level 1 in Evocations
  9502 | D:8      | Noticed Maurice
  9644 | D:8      | Noticed Amaemon
  9644 | D:8      | Noticed an orange demon
  9670 | D:8      | Killed an orange demon
  9670 | D:8      | Reached ** piety under Vehumet
  9670 | D:8      | Offered knowledge of Poisonous Vapours by Vehumet.
  9671 | D:8      | Reached skill level 1 in Throwing
  9676 | D:7      | Learned a level 2 spell: Poisonous Vapours
  9965 | D:8      | Reached skill level 1 in Poison Magic
 10278 | D:8      | Reached skill level 13 in Air Magic
 10278 | D:8      | Reached XP level 10. HP: 56/56 MP: 11/17
 11218 | D:8      | Learned a level 2 spell: Blink
 11362 | D:8      | HP: 2/56 [something (2)]
 11362 | D:8      | Constricted to death by Maurice

Illustrated notes

Levels and vault maps discovered:
D:1:      onia_arrival_mini_maze_b, layout_loops_ring
D:2:      layout_basic, dreamdust_ecumenical_altar_statues
D:3:      layout_basic
D:4:      layout_basic, minmay_temple_entry_enclosed_plants,
          gup_sewer_entry_glass, uniq_natasha, uniq_crazy_yiuf_cottage
D:5:      layout_basic, saegor_snake_ambush
D:6:      layout_cave_pods, gammafunk_ghost_necromancy,
          kennysheep_generic_room_5, uniq_menkaure
D:7:      nicolae_cairo_tiling_very_big, layout_loops_ring, serial_demonic,
          serial_demonic_g, serial_demonic_e, serial_demonic_a,
          serial_demonic_f, serial_demonic_b, serial_demonic_g,
          serial_demonic_g, chequers_serial_rivers_marsh
D:8:      layout_loops_corners, uniq_maurice, uniq_amaemon
D:9:      layout_roguey, kennysheep_little_box, uniq_harold
Temple:   hellmonk_temple_of_storms

Skill      XL: |  1  2  3  4  5  6  7  8  9 10 |
---------------+-------------------------------+-----
Conjurations   | 2 3 4 |  4.1
Armour         | 1 2 3 4 |  4.6
Air Magic      | 5 6 9 11 13 | 13.8
Spellcasting   | 3 4 |  4.2
Short Blades   | 1 |  1.1
Dodging        | 3 |  3.9
Fighting       | 2 3 |  3.1
Long Blades    | 2 |  2.5
Shields        | 2 3 4 |  4.0
Evocations     | 2 |  2.0
Throwing       | 1 |  1.0
Poison Magic   | 1 2 |  2.0
Stealth        | |  2.0

Action                     |  1- 3 |  4- 6 |  7- 9 | 10-12 || total
---------------------------+-------+-------+-------+-------++-------
  Melee: Short sword       |     6 |       |       |       ||     6
         Peck              |     1 |     1 |     2 |     1 ||     5
         Dagger            |     2 |     9 |       |       ||    11
         Kick              |       |     2 |     8 |     3 ||    13
         Long sword        |       |     2 |    24 |    11 ||    37
   Cast: Shock             |    58 |   130 |   146 |    29 ||   363
         Airstrike         |       |       |    55 |    11 ||    66
         Poisonous Vapours |       |       |     1 |     2 ||     3
         Blink             |       |       |       |     1 ||     1
    Use: Potion            |       |       |       |     2 ||     2
   Stab: Sleeping          |       |       |     1 |       ||     1
 Armour: Robe              |     3 |       |       |       ||     3
         Leather armour    |    12 |     9 |    17 |     3 ||    41
  Dodge: Dodged            |    20 |    47 |    60 |     9 ||   136
  Block: Buckler           |       |       |    15 |     1 ||    16
